 Dungeon Crawl Stone Soup version 0.16.1-4-g8e1b745 (webtiles) character file.

55 Ladykiller69 the Shield-Bearer (level 4, -4/37 HPs)
             Began as a Formicid Fighter on Mar 27, 2015.
             Slain by FlamingWeapons' ghost (11 damage)
             ... on level 3 of the Dungeon.
             The game lasted 00:06:15 (1165 turns).

Ladykiller69 the Shield-Bearer (Formicid Fighter)   Turns: 1165, Time: 00:06:15

Health: -4/37      AC:  7    Str: 22    XL:     4   Next: 14%
Magic:  5/5        EV:  8    Int:  7    God:
Gold:   49         SH:  9    Dex: 10    Spells: 0 memorised, 3 levels left

rFire  . . .     SeeInvis +     a - +0 war axe
rCold  . . .     Clarity  .     b - +0 scale mail
rNeg   . . .     SustAb   .     c - +0 shield
rPois  .         Gourm    .     (helmet unavailable)
rElec  .         Spirit   .     (no cloak)
rCorr  .         Warding  .     (no gloves)
rMut   .         Stasis   +     (no boots)
MR     .....                    (no amulet)
Stlth  ..........               (no ring)
                                (no ring)

@: not resistant to hostile enchantments, extremely unstealthy
A: permanent stasis, dig shafts and tunnels, four strong arms, antennae 3
a: Dig, Shaft Self


You were on level 3 of the Dungeon.
You were not hungry.

You visited 1 branch of the dungeon, and saw 3 of its levels.

You collected 49 gold pieces.

Inventory:

Hand weapons
 a - a +0 war axe (weapon)
Missiles
 j - 41 stones (quivered)
Armour
 b - a +0 scale mail (worn)
 c - a +0 shield (worn)
Jewellery
 g - an uncursed ring of poison resistance {unknown}
Scrolls
 f - a scroll of identify {unknown}
 m - a scroll of immolation {unknown}
 n - a scroll of amnesia {unknown}
Potions
 e - a potion of might
 h - a potion of cure mutation {unknown}
 k - 4 potions of brilliance {unknown}
 l - a potion of agility {unknown}
Comestibles
 d - 4 bread rations
 i - 2 meat rations
 o - a slice of pizza
 p - a chunk of flesh


   Skills:
 + Level 3.7 Fighting
 * Level 3.0 Axes
 + Level 3.8 Armour
 * Level 4.1 Shields


You had 3 spell levels left.
You didn't know any spells.

Dungeon Overview and Level Annotations

Branches:
Dungeon (3/15)

Altars:

Annotations:
D:3 FlamingWeapons' ghost, weakling DgWn


Innate Abilities, Weirdness & Mutations

You are under a permanent stasis effect.
You can dig through walls and to a lower floor.
Your four strong arms can wield two-handed weapons with a shield.
You have a pair of large antennae on your head (SInv).


Message History

FlamingWeapons' ghost hits you!
You closely miss FlamingWeapons' ghost.
FlamingWeapons' ghost is lightly damaged.
You block FlamingWeapons' ghost's attack.
You barely miss FlamingWeapons' ghost.
FlamingWeapons' ghost is lightly damaged.
FlamingWeapons' ghost barely misses you.
FlamingWeapons' ghost hits you but does no damage.
You hit FlamingWeapons' ghost.
FlamingWeapons' ghost is moderately damaged.
FlamingWeapons' ghost hits you.
Your shield and scale mail prevent you from hitting FlamingWeapons' ghost.
FlamingWeapons' ghost is moderately damaged.
FlamingWeapons' ghost hits you but does no damage.
FlamingWeapons' ghost hits you!
* * * LOW HITPOINT WARNING * * *
You hit FlamingWeapons' ghost but do no damage.
FlamingWeapons' ghost is moderately damaged.
FlamingWeapons' ghost hits you!
You die...

#.# #.# #.# #.#
#.# ... #.# #W#
#@# ### #.# ..#
#.# #.# #.# #.#
#.# #.# #.# # #.#
#.# ###.###.# #.#
.........##
#.#########+##....


You could see FlamingWeapons' ghost.

Vanquished Creatures
  2 adders (D:2)
  A worm (D:2)
  2 giant geckos (D:1)
  An ooze (D:1)
  3 bats (D:1)
  3 giant cockroaches (D:1)
  3 hobgoblins
  4 kobolds
  A ball python (D:1)
  2 giant newts
  A goblin (D:2)
  5 rats
28 creatures vanquished.

Notes
Turn   | Place    | Note
--------------------------------------------------------------
     0 | D:1      | Ladykiller69, the Formicid Fighter, began the quest for the Orb.
     0 | D:1      | Reached XP level 1. HP: 18/18 MP: 1/1
    94 | D:1      | Reached XP level 2. HP: 22/24 MP: 3/3
   602 | D:1      | Reached XP level 3. HP: 22/29 MP: 4/4
   657 | D:2      | Reached skill level 4 in Shields
   767 | D:2      | Reached XP level 4. HP: 24/35 MP: 5/5
  1155 | D:3      | Noticed FlamingWeapons' ghost (weakling DgWn)
  1165 | D:3      | Slain by FlamingWeapons' ghost

Action                   |  1- 3 |  4- 6 || total
-------------------------+-------+-------++-------
Melee: War axe           |    99 |    19 ||   118
Throw: Stone             |    10 |       ||    10
 Abil: Dig               |     4 |     1 ||     5
  Eat: Chunk             |       |     1 ||     1
